 Dungeon Crawl Stone Soup version 0.25-a0-287-g56a5b49892 (webtiles) character file.

Game seed: 8240819664520408943, levelgen mode: deterministic

54 D1HalberdGnoll the Grave Robber (level 3, 0/20 HPs)
             Began as a Vampire Necromancer on Dec 12, 2019.
             Slain by an adder (5 damage)
             ... on level 2 of the Dungeon.
             The game lasted 00:02:42 (1533 turns).

D1HalberdGnoll the Grave Robber (VpNe)              Turns: 1533, Time: 00:02:43

Health: 0/20       AC:  2    Str:  7    XL:     3   Next: 66%
Magic:  0/6        EV: 12    Int: 18    God:
Gold:   29         SH:  0    Dex: 14    Spells: 4/6 levels left

rFire    . . .     SeeInvis +   b - +0 dagger
rCold    + + .     Gourm    .   (no shield)
rNeg     + + +     Faith    .   a - +0 robe
rPois    ∞         Spirit   .   (no helmet)
rElec    .         Reflect  .   (no cloak)
rCorr    .         Harm     .   (no gloves)
MR       .....                  (no boots)
Stlth    +++++.....             (no amulet)
HPRegen  0.00/turn              (no ring)
MPRegen  0.10/turn              (no ring)

@: very slightly contaminated, bloodless
A: no food, fangs 3, see invisible, unbreathing
a: Bat Form, Revivify


You were on level 2 of the Dungeon.
You were bloodless.

You visited 1 branch of the dungeon, and saw 2 of its levels.

You collected 29 gold pieces.

Inventory:

Hand Weapons
 b - a +0 dagger (weapon)
Armour
 a - a +0 robe (worn)
Scrolls
 c - 4 scrolls of teleportation {unknown}
 d - a scroll of identify {unknown}
Potions
 e - a potion of curing


   Skills:
 + Level 1.0 Fighting
 - Level 2.1 Dodging
 + Level 3.9 Stealth
 + Level 2.4 Spellcasting
 * Level 5.1 Necromancy


You had 4 spell levels left.
You knew the following spells:

 Your Spells              Type           Power        Failure   Level  Hunger
a - Pain                  Necr           ###.         2%          1    N/A
s - Animate Skeleton      Necr           N/A          2%          1    N/A

Your spell library contained the following spells:

 Spells                   Type           Power        Failure   Level  Hunger
 Vampiric Draining        Necr           ###.......   6%          3    N/A
 Regeneration             Chrm/Necr      ##........   19%         3    N/A
 Animate Dead             Necr           N/A          22%         4    N/A

Dungeon Overview and Level Annotations

Branches:
Dungeon (2/15)

Altars:


Innate Abilities, Weirdness & Mutations

You do not eat.
You do not regenerate when monsters are visible.
You are frail without blood (-20% HP).
You can heal yourself when you bite living creatures.
You are immune to poison.
You have razor-sharp teeth.
You have supernaturally acute eyesight. (SInv)
You can survive without breathing.


Message History

You barely miss the frilled lizard. The frilled lizard misses you.
You barely miss the frilled lizard. You bite the frilled lizard.
You kill the frilled lizard!
The adder misses you. The adder bites you but does no damage.
Casting: Pain (safe; 2% risk of failure)
Confirm with . or Enter, or press ? or * to list all spells.
Aiming: Pain (safe; 2% risk of failure)
Press: ? - help, Shift-Dir - straight line, f - adder
Aim: an adder (chance to defeat MR: 85%)
The adder writhes in agony.
The adder bites you.
You hit the adder but do no damage.
The adder is lightly wounded.
The adder bites you.
* * * LOW HITPOINT WARNING * * *
The adder barely misses you.
You hit the adder.
The adder is moderately wounded.
The adder bites you.
You die...

#.# #.#
##)#
#..#
#.##
#.# #.#
#.# #@#
#S#####
#.#...
#.#.#
#..#
###†#
#.. #.#
...


You could see an adder.

Vanquished Creatures
  2 adders (D:2)
  4 dart slugs
  A leopard gecko (D:1)
  A giant cockroach (D:1)
  4 goblins
  2 hobgoblins (D:1)
  A jackal (D:1)
  4 kobolds (D:1)
  A bat (D:1)
  4 frilled lizards
  4 rats (D:1)
28 creatures vanquished.

Vanquished Creatures (collateral kills)
  A jackal (D:1)
1 creature vanquished.

Grand Total: 29 creatures vanquished

Notes
Turn   | Place    | Note
-------+----------+-------------------------------------------
     0 | D:1      | D1HalberdGnoll the Vampire Necromancer began the quest for
                  | the Orb.
     0 | D:1      | Reached XP level 1. HP: 13/13 MP: 3/3
   429 | D:1      | Reached XP level 2. HP: 12/16 MP: 0/5
   556 | D:1      | Learned a level 1 spell: Animate Skeleton
  1300 | D:2      | Reached XP level 3. HP: 20/20 MP: 3/6
  1323 | D:2      | Reached skill level 1 in Fighting
  1324 | D:2      | Reached skill level 5 in Necromancy
  1533 | D:2      | Slain by an adder

Levels and vault maps discovered:
D:1:      dpeg_arrival_three_same_balls, layout_basic, chequers_avenue
D:2:      layout_loops_ring, serial_park_tiny_2

Skill      XL: |  1  2  3 |
---------------+----------+-----
Fighting       | 1 |  1.0
Necromancy     | 5 |  5.1
Dodging        | |  2.1
Stealth        | |  3.9
Spellcasting   | |  2.4

Action                   || total
-------------------------++-------
Melee: Unarmed           ||     9
       Bite              ||     6
       Dagger            ||    40
 Cast: Pain              ||    44
       Animate Skeleton  ||     4
 Abil: Exsanguinate      ||     1
  Use: Potion            ||     1
 Stab: Sleeping          ||     2
Armor: Robe              ||     7
Dodge: Dodged            ||    36

Table legend:
 A = Non-vault XP
 B = Vault XP
 C = Vault XP percentage of total XP
 D = Non-vault monster count
 E = Vault monster count
 F = Vault count percentage of total count
                 A         B        C        D         E       F
            +---------+---------+-------+---------+---------+-------
      Total |      78 |       0 |   0.0 |      29 |       0 |   0.0
            +---------+---------+-------+---------+---------+-------
        D:1 |      40 |       0 |   0.0 |      22 |       0 |   0.0
        D:2 |      38 |       0 |   0.0 |       7 |       0 |   0.0
            +---------+---------+-------+---------+---------+-------
